 Dungeon Crawl Stone Soup version 0.31-a0-675-g238779eb0a (webtiles) character file.

Game seed: 1207451606269640281

2888 Twinkles the Fighter (level 9, -2/118 (129) HPs)
             Began as a Minotaur Fighter on Sept 1, 2023.
             Was an Initiate of Gozag.
             Slain by a wight
             ... wielding a +2 dagger
              (6 damage)
             ... on level 7 of the Dungeon on Sept 5, 2023.
             The game lasted 00:11:45 (6651 turns).

Twinkles the Fighter (Minotaur Fighter)             Turns: 6651, Time: 00:11:46

HP:   -2/118 (129)  AC: 12    Str: 26    XL:     9   Next: 48%
MP:   8/8           EV: 11    Int:  8    God:    Gozag
Gold: 181           SH:  5    Dex: 15    Spells: 8/8 levels left

rFire   . . .        a - +0 war axe
rCold   . . .        c - +0 buckler
rNeg    . . .        y - +0 chain mail
rPois   .            (helmet restricted)
rElec   +            n - scarf {shadows}
rCorr   .            (no gloves)
SInv    .            e - +1 pair of boots
Will    .....        (no amulet) Stlth
                     l - ring of the Treeataur {Fly rElec Int+3}
HPRegen 0.39/turn    v - +6 ring of dexterity
MPRegen 0.11/turn

%: no passive effects
@: berserking, gold aura, flying, drained, very quick
A: horns 2, retaliatory headbutt
a: Renounce Religion, Potion Petition, Call Merchant, Bribe Branch


You were on level 7 of the Dungeon.
You worshipped Gozag.
Gozag was aware of your devotion.
You visited 2 branches of the dungeon, and saw 8 of its levels.
You also visited: Sewer.

You collected 263 gold pieces.
You paid 82 gold pieces to Gozag.

Inventory:

Hand Weapons
 a - a +0 war axe (weapon)
 s - a +1 hand axe of flaming
Missiles
 k - 19 poisoned darts
 q - 2 throwing nets
 r - a curare-tipped dart
Armour
 b - a +0 scale mail
 c - a +0 buckler (worn)
 e - a +1 pair of boots (worn)
 n - a scarf of shadows (worn)
 y - a +0 chain mail (worn)
Magical Staves
 x - the staff "Veffi" {*Slow rPois rC+ rN+++ Poison}
   (You found it on level 6 of the Dungeon)

   [staff of poison]

   Base accuracy: +5 Base damage: 5 Base attack delay: 1.2 This weapon's minimum
   attack delay (0.6) is reached at skill level 12.
   rC+:       It protects you from cold.
   rPois:     It protects you from poison rN+++: It renders you almost immune to
   negative energy.
   *Slow:     It may slow you when you take damage.
   Poison:    It increases the power of your Poison spells.
   It falls into the 'Staves' category.
   It is a one-handed weapon.
Jewellery
 d - a ring of resist corrosion
 l - the ring of the Treeataur (left hand) {Fly rElec Int+3}
   (You found it on level 2 of the Dungeon)

   [ring of flight]

   Int+3:     It affects your intelligence (+3).
   rElec:     It insulates you from electricity.
   Fly:       It grants you flight.
 v - a +6 ring of dexterity (right hand)
Scrolls
 h - 2 scrolls of poison {unknown}
 m - 2 scrolls of butterflies {unknown}
 p - a scroll of torment {unknown}
 t - a scroll of blinking {unknown}
 u - a scroll of immolation {unknown}
 A - a scroll of fog {unknown}
 Y - 3 scrolls of teleportation
Potions
 g - 3 potions of enlightenment
 w - a potion of mutation {unknown}
 B - 4 potions of brilliance
 H - 2 potions of haste
 J - a potion of curing
 M - a potion of might
 T - 2 potions of berserk rage


   Skills:
 + Level 10.4 Fighting
 + Level 10.0 Axes
 - Level 5.0 Armour
 - Level 5.0 Dodging
 - Level 5.1 Shields


You had 8 spell levels left.
You didn't know any spells.
Your spell library contained the following spells:

 Spells                   Type           Power      Damage    Failure   Level
 Olgreb's Toxic Radiance  Pois           0%         N/A       100%        4
 Discord                  Hex            0%         N/A       100%        8
 Ignition                 Fire           0%         3d3       100%        8


Dungeon Overview and Level Annotations

Branches:
Dungeon (7/15) Zot: 26745  Temple (1/1) D:7 Zot: 5952   Sewer (visited)

Altars:
Ashenzari
Cheibriados
Dithmenos
Elyvilon
Fedhas
Gozag
Hepliaklqana
Kikubaaqudgha
Makhleb
Nemelex Xobeh
Okawaru
Qazlal
Ru
Uskayaw
Vehumet
Wu Jian
Xom
Yredelemnul
The Shining One

Shops:
D:7 (

Portals:
Abyss: D:6

Annotations:
D:6 2 transporters, dxb338's ghost, novice FeSh


Innate Abilities, Weirdness & Mutations

You have a pair of horns on your head.
You reflexively headbutt those who attack you in melee.


Message History

You feel drained.
You hit the wight but do no damage.
The wight is heavily damaged.
You block the wight's attack.
The wight hits you from afar with a +4 halberd.
You feel drained.
You closely miss the wight. Your headbutt misses the wight.
The wight is heavily damaged.
The wight closely misses you. You furiously retaliate!
You headbutt the wight. You block the wight's attack.
You slice the wight!!
You destroy the wight!
The wight hits you from afar with a +4 halberd!
* * * LOW HITPOINT WARNING * * *
You closely miss the wight.
You headbutt the wight, but do no damage.
The wight barely misses you. The wight hits you with a +2 dagger.
* * * LOW HITPOINT WARNING * * *
You hit the wight.
The wight is lightly damaged.
You block the wight's attack. x2
You hit the wight but do no damage.
The wight is lightly damaged.
The wight misses you. The wight closely misses you.
You hit the wight. You headbutt the wight!
The wight is almost destroyed.
The wight hits you from afar with a +4 halberd.
* * * LOW HITPOINT WARNING * * *
You feel drained.
* * * LOW HITPOINT WARNING * * *
The wight hits you but does no damage.
A red film seems to cover your vision as you go berserk!
You feel yourself moving faster!
You feel mighty!
The wight hits you from afar with a +4 halberd.
* * * LOW HITPOINT WARNING * * *
You feel drained.
* * * LOW HITPOINT WARNING * * *
The wight hits you with a +2 dagger.
You die...
Your body crumbles into a pile of gold.

##### #############
.....#############...........#
##...[.............#########.#
.............z)##### #.#
.....##..####z# #.#
#####..##§§# #@# #.#
#.....§.D..# #)# #.#
.###§z###.# ##.########## #.#
....D§.....# #...........#
##.## ...##..##..#
#.♣.#######.###...# .. .z.#
..# ♣.∩.♣ #.##.#.#. ##.## .#
##♣## #........ .z .#
####.#.#. ## ##...#


You could see 2 wights.

Vanquished Creatures
  A vampire (D:5)
  2 steam dragons
  A water moccasin (D:5)
  An ice beast (D:5)
  An orc warrior (D:6)
  3 black bears
  A sky beast (D:7)
  2 centaurs (D:6)
  3 kobold brigands
  2 scorpions
  A water moccasin zombie (D:6)
  5 wights
  6 killer bees (D:6)
  A centaur zombie (D:6)
  4 jellies (D:6)
  2 orc priests
  4 hounds (D:4)
  3 iguanas
  4 orc wizards
  3 gnolls (D:3)
  8 adders
  2 shadow imps
  A white imp (D:6)
  3 worms
  3 dart slugs
  19 orcs
  7 ball pythons
  6 bats
  6 endoplasms
  6 giant cockroaches
  6 goblins
  10 hobgoblins
  4 jackals
  9 quokkas
  8 frilled lizards
  14 kobolds
  8 rats
170 creatures vanquished.

Notes
Turn   | Place    | Note
-------+----------+-------------------------------------------
     0 | D:1      | Twinkles the Minotaur Fighter began the quest for the Orb.
     0 | D:1      | Reached XP level 1. HP: 19/19 MP: 0/0
   324 | D:1      | Reached XP level 2. HP: 25/27 MP: 1/1
   908 | D:2      | Reached XP level 3. HP: 33/33 MP: 2/2
  1041 | D:2      | Identified the ring of the Treeataur {Fly rElec Int+3}
  1369 | D:2      | Reached XP level 4. HP: 37/41 MP: 3/3
  1659 | D:3      | Found a glowing golden altar of the Shining One.
  1780 | D:3      | Found a glowing drain.
  1801 | Sewer    | Entered a sewer
  1858 | Sewer    | Noticed a kobold brigand
  1881 | Sewer    | Killed a kobold brigand
  1882 | Sewer    | Reached XP level 5. HP: 43/47 MP: 4/4
  2065 | Sewer    | Found a white marble altar of Elyvilon.
  2125 | Sewer    | Reached skill level 5 in Fighting
  2125 | Sewer    | Reached skill level 5 in Armour
  2125 | Sewer    | Reached skill level 5 in Shields
  2567 | D:3      | Reached XP level 6. HP: 48/56 MP: 5/5
  2879 | D:4      | Upgraded the game from 0.31-a0-662-g684573625c to
                  | 0.31-a0-675-g238779eb0a
  2939 | D:4      | Reached skill level 5 in Axes
  3194 | D:4      | Reached XP level 7. HP: 61/64 MP: 6/6
  3723 | D:5      | Entered Level 5 of the Dungeon
  3725 | D:5      | Noticed a vampire
  3726 | D:5      | Found a shimmering altar of Xom.
  3922 | D:5      | Killed a vampire
  4050 | D:5      | Found a broken altar of Ashenzari.
  4410 | D:5      | Reached XP level 8. HP: 74/74 MP: 7/7
  4824 | D:6      | Reached skill level 1 in Dodging
  4992 | D:6      | Identified the staff "Veffi" {*Slow rPois rC+ rN+++ Poison}
  5051 | D:6      | HP: 22/75 [poisoned by a killer bee]
  5056 | D:6      | HP: 18/75 [poisoned by a killer bee]
  5062 | D:6      | HP: 14/75 [killer bee (5)]
  5072 | D:6      | HP: 22/77 [poisoned by a killer bee]
  5077 | D:6      | HP: 18/77 [poisoned by a killer bee]
  5316 | D:6      | Noticed a red ugly thing
  5319 | D:6      | Found a one-way gate to the infinite horrors of the Abyss.
  5319 | D:6      | Noticed dxb338's ghost (novice FeSh)
  5327 | D:6      | Found a transporter.
  5341 | D:6      | Found a transporter.
  5439 | D:6      | HP: 19/75 [wight/+0 spear (4)]
  5672 | D:6      | Reached XP level 9. HP: 71/84 MP: 8/8
  6160 | D:6      | Reached skill level 5 in Dodging
  6160 | D:6      | Found a basalt altar of Yredelemnul.
  6241 | D:6      | Reached skill level 10 in Fighting
  6433 | D:7      | Found a staircase to the Ecumenical Temple.
  6440 | Temple   | Found a transporter.
  6440 | Temple   | Found a transporter.
  6440 | Temple   | Found a transporter.
  6440 | Temple   | Found a transporter.
  6440 | Temple   | Entered the Ecumenical Temple
  6471 | Temple   | Became a worshipper of Gozag Ym Sagoz the Greedy
  6519 | D:7      | Found Tuemaoxo's Antique Weapon Shoppe.
  6642 | D:7      | Reached skill level 10 in Axes
  6646 | D:7      | HP: 19/82 [wight/+4 halberd (9)]
  6650 | D:7      | HP: 7/81 [wight/+4 halberd (3)]
  6651 | D:7      | Slain by a wight

Illustrated notes

Levels and vault maps discovered:
D:1:      minmay_arrival_nine_rooms, layout_loops_ring,
          nicolae_houndstooth_variations
D:2:      layout_loops_cross, kennysheep_generic_room_5
D:3:      layout_loops_cross, lemuel_crystal_altar, portal_sewer_entry_f,
          minmay_randomly_rotated_circles
D:4:      layout_gridville
D:5:      layout_loops_ring, mainiacjoe_overflow_catch_the_wave
D:6:      layout_basic, lemuel_zombie_altar_yredelemnul,
          gammafunk_ghost_abyssal_escape
D:7:      layout_loops_ring, minmay_temple_entry_trees, serial_shops,
          nicolae_shop_trees, uniq_menkaure
Temple:   hellmonk_temple_divided_pantheon

Skill      XL: |  1  2  3  4  5  6  7  8  9 |
---------------+----------------------------+-----
Fighting       | 4 5 6 8 9 10 | 10.4
Armour         | 4 5 |  5.0
Shields        | 4 5 |  5.1
Axes           | 3 4 5 7 9 10 | 10.0
Dodging        | 4 5 |  5.0

Action                     |  1- 3 |  4- 6 |  7- 9 || total
---------------------------+-------+-------+-------++-------
  Melee: War axe           |    80 |   120 |   230 ||   430
         Headbutt          |    10 |    17 |    43 ||    70
    Use: Scroll            |       |     1 |     4 ||     5
         Potion            |       |       |     6 ||     6
 Armour: Scale mail        |    48 |    78 |    75 ||   201
         Chain mail        |       |       |   176 ||   176
  Dodge: Dodged            |    23 |    62 |   106 ||   191
  Block: Buckler           |    17 |    23 |    75 ||   115

Table legend: (Time is in decaauts)
 A = Elapsed time spent in this place.
 B = Non-inter-level travel time spent in this place.
 C = Inter-level travel time spent in this place.
 D = Time resting spent in this place.
 E = Time spent auto-exploring this place.
 F = Levels seen in this place.
 G = Mean time per level.
                   A        B        C        D        E       F      G
               +--------+--------+--------+--------+--------+-----+--------+
         Total |   6808 |   6582 |    226 |    385 |   4719 |   9 |  756.4 |
       Dungeon |   6247 |   6032 |    215 |    272 |   4555 |   7 |  892.4 |
        Temple |     47 |     36 |     11 |      0 |      0 |   1 |   47.0 |
         Sewer |    513 |    513 |      0 |    113 |    163 |   1 |  513.0 |
               +--------+--------+--------+--------+--------+-----+--------+

Top non-repeatable levels by time:
     D:6: 1319 daAuts
     D:5: 1245 daAuts
     D:4: 941 daAuts
     D:2: 859 daAuts
     D:1: 829 daAuts
     D:3: 799 daAuts
   Sewer: 513 daAuts
     D:7: 253 daAuts
  Temple: 47 daAuts
